TOP OF THE 1ST |
Greensboro Grasshoppers batting - Pitching for Fort Wayne TinCaps : RHP Tom Ackerman
|
Pitching: RHP Tom Ackerman
|
|
Batting: RHB Tom Thompson
|
0-0: Called Strike 0-1: Ball 1-1: Bunt missed! 1-2: Foul Ball, location: 2F 1-2: Foul Ball, location: 2F 1-2: Ground out 6-3 (Groundball, 56, EV 106.9 MPH)
|
Batting: RHB Boof Howell
|
0-0: Called Strike 0-1: Swinging Strike 0-2: Strikes out swinging
|
Batting: RHB Isaiah Brockman
|
0-0: Called Strike 0-1: Ball 1-1: Swinging Strike 1-2: Ball 2-2: Foul Ball, location: 2F 2-2: Foul Ball, location: 2F 2-2: SINGLE (Flyball, 8RS, EV 93.1 MPH)
|
Batting: RHB Jake Shelton
|
0-0: Foul Ball, location: 2F 0-1: Swinging Strike 0-2: Ball 1-2: Ball 2-2: Ball 3-2: Strikes out swinging
|
Top of the 1st over - 0 runs, 1 hit, 0 errors, 1 left on base; Greensboro 0 - Fort Wayne 0 |
BOTTOM OF THE 1ST |
Fort Wayne TinCaps batting - Pitching for Greensboro Grasshoppers : RHP Zack Evans
|
Pitching: RHP Zack Evans
|
|
Batting: SHB Adam Martin
|
0-0: Ball 1-0: Foul Ball, location: 2F 1-1: Ball 2-1: Ball 3-1: Ground out 5-3 (Groundball, 6S, EV 75.0 MPH)
|
Batting: RHB Rodolfo Rivera
|
0-0: Ball 1-0: Ball 2-0: Foul Ball, location: 2F 2-1: Ball 3-1: Fly out, F4 (Line Drive, 4, EV 72.5 MPH)
|
Batting: LHB Angel Mejia
|
0-0: Fly out, F9 (Flyball, 9S, EV 82.5 MPH)
|
Bottom of the 1st over - 0 runs, 0 hits, 0 errors, 0 left on base; Greensboro 0 - Fort Wayne 0 |
TOP OF THE 2ND |
Greensboro Grasshoppers batting - Pitching for Fort Wayne TinCaps : RHP Tom Ackerman
|
Batting: RHB Jordan Arcidez
|
0-0: Ball 1-0: Foul Ball, location: 2F 1-1: Swinging Strike 1-2: Ball 2-2: Ball 3-2: Foul Ball, location: 2F 3-2: Strikes out swinging
|
Batting: RHB Bob Raine
|
0-0: Ball 1-0: Called Strike 1-1: Foul Ball, location: 2F 1-2: Foul Ball, location: 2F 1-2: Strikes out swinging
|
Batting: RHB Masumitsu Sugiura
|
0-0: Called Strike 0-1: Called Strike 0-2: Foul Ball, location: 2F 0-2: Ball 1-2: Strikes out looking
|
Top of the 2nd over - 0 runs, 0 hits, 0 errors, 0 left on base; Greensboro 0 - Fort Wayne 0 |
BOTTOM OF THE 2ND |
Fort Wayne TinCaps batting - Pitching for Greensboro Grasshoppers : RHP Zack Evans
|
Batting: RHB Juan Martinez
|
0-0: SINGLE (Groundball, 6M, EV 111.2 MPH) (infield hit)
|
Batting: LHB Mike Schermerhorn
|
0-0: Ball Juan Martinez steals 2nd base 1-0: Ball 2-0: Called Strike 2-1: Ball 3-1: Base on Balls
|
Batting: SHB Yutaro Takahashi
|
0-0: Ball Juan Martinez steals 3rd base 1-0: Ball 2-0: Ball 3-0: Called Strike 3-1: Foul Ball, location: 2F 3-2: DOUBLE (Flyball, 89XD, EV 105.6 MPH) Juan Martinez scores Mike Schermerhorn to third
|
Batting: RHB Davey Verhoog
|
0-0: Ball 1-0: Ball 2-0: DOUBLE (Flyball, 8RXD, EV 101.9 MPH) Mike Schermerhorn scores Yutaro Takahashi scores
|
Batting: LHB James Sousa
|
0-0: Called Strike 0-1: Ball 1-1: Ground out 4-3 (Groundball, 4, EV 104.4 MPH) Davey Verhoog to third
|
Batting: RHB Brian Burd
|
0-0: Ball 1-0: Swinging Strike 1-1: Called Strike 1-2: Strikes out swinging
|
Batting: SHB Adam Martin
|
0-0: Ball 1-0: Ball 2-0: Called Strike 2-1: Ball 3-1: Base on Balls
|
Batting: RHB Rodolfo Rivera
|
0-0: Called Strike 0-1: Ball 1-1: Ball 2-1: Foul Ball, location: 2F 2-2: SINGLE (Groundball, 6M, EV 101.2 MPH) Davey Verhoog scores Adam Martin to second
|
Batting: LHB Angel Mejia
|
0-0: Ground out 4-3 (Groundball, 34, EV 102.5 MPH)
|
Bottom of the 2nd over - 4 runs, 4 hits, 0 errors, 2 left on base; Greensboro 0 - Fort Wayne 4 |
TOP OF THE 3RD |
Greensboro Grasshoppers batting - Pitching for Fort Wayne TinCaps : RHP Tom Ackerman
|
Batting: RHB Chris Riddick
|
0-0: Ball 1-0: Ball 2-0: Fly out, F4 (Line Drive, 4, EV 68.1 MPH)
|
Batting: LHB Juan Zuniga
|
0-0: Swinging Strike 0-1: Ball 1-1: Called Strike 1-2: Ground out 5-3 (Groundball, 56, EV 79.4 MPH)
|
Batting: RHB Tom Thompson
|
0-0: Called Strike 0-1: Ball 1-1: Foul Ball, location: 2F 1-2: Strikes out swinging
|
Top of the 3rd over - 0 runs, 0 hits, 0 errors, 0 left on base; Greensboro 0 - Fort Wayne 4 |
BOTTOM OF THE 3RD |
Fort Wayne TinCaps batting - Pitching for Greensboro Grasshoppers : RHP Zack Evans
|
Batting: RHB Juan Martinez
|
0-0: Ground out 6-3 (Groundball, 6S, EV 71.2 MPH)
|
Batting: LHB Mike Schermerhorn
|
0-0: Called Strike 0-1: Foul Ball, location: 2F 0-2: Foul Ball, location: 2F 0-2: SOLO HOME RUN (Flyball, 9LD, EV 91.9 MPH), Distance : 357 ft
|
Batting: SHB Yutaro Takahashi
|
0-0: Ball 1-0: Ball 2-0: Ball 3-0: Called Strike 3-1: SINGLE (Groundball, 34S, EV 61.2 MPH) (infield hit)
|
Batting: RHB Davey Verhoog
|
0-0: Ball Yutaro Takahashi steals 2nd, throwing error, E2 Yutaro Takahashi to third 1-0: Called Strike 1-1: SINGLE (Groundball, 4M, EV 108.1 MPH) Yutaro Takahashi scores
|
Batting: LHB James Sousa
|
0-0: Called Strike Davey Verhoog steals 2nd base 0-1: Ground out U3 (Groundball, 3, EV 83.1 MPH) Davey Verhoog to third
|
Batting: RHB Brian Burd
|
0-0: Ball 1-0: Called Strike 1-1: Ball 2-1: Ball 3-1: Base on Balls
|
Pitching: RHP Chris Forster
|
|
Batting: SHB Adam Martin
|
0-0: Called Strike 0-1: Fielders Choice at 2nd, 6-4 (Groundball, 6, EV 105.6 MPH)
|
Bottom of the 3rd over - 2 runs, 3 hits, 1 error, 2 left on base; Greensboro 0 - Fort Wayne 6 |
TOP OF THE 4TH |
Greensboro Grasshoppers batting - Pitching for Fort Wayne TinCaps : RHP Tom Ackerman
|
Batting: RHB Boof Howell
|
0-0: Called Strike 0-1: Called Strike 0-2: Strikes out looking
|
Batting: RHB Isaiah Brockman
|
0-0: Ball 1-0: Foul Ball, location: 2F 1-1: Swinging Strike 1-2: Foul Ball, location: 2F 1-2: Strikes out swinging
|
Batting: RHB Jake Shelton
|
0-0: Called Strike 0-1: Foul Ball, location: 2F 0-2: Ball 1-2: Ball 2-2: Ground out 6-3 (Groundball, 56D, EV 108.1 MPH)
|
Top of the 4th over - 0 runs, 0 hits, 0 errors, 0 left on base; Greensboro 0 - Fort Wayne 6 |
BOTTOM OF THE 4TH |
Fort Wayne TinCaps batting - Pitching for Greensboro Grasshoppers : RHP Chris Forster
|
Batting: RHB Rodolfo Rivera
|
0-0: Ball 1-0: Ball 2-0: Swinging Strike 2-1: Ball 3-1: Called Strike 3-2: Base on Balls
|
Batting: LHB Angel Mejia
|
0-0: Ball 1-0: Ball 2-0: Swinging Strike 2-1: Foul Ball, location: 2F 2-2: SINGLE (Line Drive, 4D, EV 106.2 MPH) Rodolfo Rivera to second
|
Batting: RHB Juan Martinez
|
0-0: Fly out, F7 (Flyball, 7S, EV 90.0 MPH)
|
Batting: LHB Mike Schermerhorn
|
0-0: Ball 1-0: Swinging Strike 1-1: Ball 2-1: Called Strike 2-2: Ball 3-2: Fielders Choice at 2nd, 3-6 (Groundball, 3, EV 88.1 MPH) Rodolfo Rivera to third
|
Pitching: RHP Tamirat Abboud
|
|
Batting: SHB Yutaro Takahashi
|
0-0: Ball 1-0: TRIPLE (Flyball, 9D, EV 107.5 MPH) Rodolfo Rivera scores Mike Schermerhorn scores
|
Batting: RHB Davey Verhoog
|
0-0: Foul Ball, location: 2F 0-1: Foul Ball, location: 2F 0-2: Strikes out looking
|
Bottom of the 4th over - 2 runs, 2 hits, 0 errors, 1 left on base; Greensboro 0 - Fort Wayne 8 |
TOP OF THE 5TH |
Greensboro Grasshoppers batting - Pitching for Fort Wayne TinCaps : RHP Tom Ackerman
|
Batting: RHB Jordan Arcidez
|
0-0: Ground out 4-3 (Groundball, 4M, EV 82.5 MPH)
|
Batting: RHB Bob Raine
|
0-0: Ball 1-0: Swinging Strike 1-1: Ball 2-1: Foul Ball, location: 2F 2-2: Ball 3-2: Strikes out swinging
|
Batting: RHB Masumitsu Sugiura
|
0-0: Ball 1-0: Foul Ball, location: 2F 1-1: Foul Ball, location: 2F 1-2: Foul Ball, location: 2F 1-2: Strikes out swinging
|
Top of the 5th over - 0 runs, 0 hits, 0 errors, 0 left on base; Greensboro 0 - Fort Wayne 8 |
BOTTOM OF THE 5TH |
Fort Wayne TinCaps batting - Pitching for Greensboro Grasshoppers : RHP Tamirat Abboud
|
Batting: LHB James Sousa
|
0-0: Called Strike 0-1: Foul Ball, location: 2F 0-2: Ground out U3 (Groundball, 3L, EV 86.2 MPH)
|
Batting: RHB Brian Burd
|
0-0: Ball 1-0: Ball 2-0: DOUBLE (Line Drive, 7LM, EV 101.2 MPH)
|
Batting: SHB Adam Martin
|
0-0: Ball 1-0: Swinging Strike 1-1: Swinging Strike 1-2: Strikes out looking
|
Batting: RHB Rodolfo Rivera
|
0-0: Foul Ball, location: 2F 0-1: Foul Ball, location: 2F 0-2: Ball Wild Pitch! Brian Burd to third 1-2: Foul Ball, location: 2F 1-2: SINGLE (Groundball, 56D, EV 96.2 MPH) Brian Burd scores
|
Batting: LHB Angel Mejia
|
0-0: Foul Ball, location: 2F Pickoff Throw to First - Error! E1 Rodolfo Rivera to second 0-1: Ball 1-1: Ball 2-1: Ball 3-1: Base on Balls
|
Batting: RHB Juan Martinez
|
0-0: Called Strike 0-1: Called Strike 0-2: Ball 1-2: Strikes out looking
|
Bottom of the 5th over - 1 run, 2 hits, 1 error, 2 left on base; Greensboro 0 - Fort Wayne 9 |
TOP OF THE 6TH |
Greensboro Grasshoppers batting - Pitching for Fort Wayne TinCaps : RHP Tom Ackerman
|
Pitching: RHP Zach Monlux
|
|
Batting: RHB Chris Riddick
|
0-0: Ball 1-0: Ground out 5-3 (Groundball, 56D, EV 104.4 MPH)
|
Batting: LHB Juan Zuniga
|
0-0: Called Strike 0-1: Fly out, F4 (Popup, 4, EV 73.8 MPH)
|
Batting: RHB Tom Thompson
|
0-0: Ball 1-0: Ball 2-0: Foul Ball, location: 2F 2-1: Ball 3-1: Called Strike 3-2: Base on Balls
|
Batting: RHB Boof Howell
|
0-0: Swinging Strike 0-1: Ball 1-1: Ball Tom Thompson steals 2nd, throwing error, E2 Tom Thompson to third 2-1: Ball 3-1: Foul Ball, location: 2F 3-2: Base on Balls
|
Batting: RHB Isaiah Brockman
|
0-0: Ball 1-0: Foul Ball, location: 2F 1-1: Hit by Pitch Boof Howell to second
|
Batting: RHB Jake Shelton
|
0-0: Ball 1-0: Swinging Strike 1-1: Foul Ball, location: 2F 1-2: Foul Ball, location: 2F 1-2: Strikes out swinging
|
Top of the 6th over - 0 runs, 0 hits, 1 error, 3 left on base; Greensboro 0 - Fort Wayne 9 |
BOTTOM OF THE 6TH |
Fort Wayne TinCaps batting - Pitching for Greensboro Grasshoppers : RHP Tamirat Abboud
|
Batting: LHB Mike Schermerhorn
|
0-0: Ball 1-0: Called Strike 1-1: Foul Ball, location: 2F 1-2: SINGLE (Groundball, 34D, EV 100.0 MPH)
|
Batting: SHB Yutaro Takahashi
|
0-0: Called Strike 0-1: Swinging Strike 0-2: Foul Ball, location: 2F 0-2: Ball 1-2: Foul Ball, location: 2F 1-2: Strikes out swinging
|
Pitching: LHP Matt Payne
|
|
Batting: RHB Davey Verhoog
|
0-0: Swinging Strike 0-1: Foul Ball, location: 2F 0-2: Foul Ball, location: 2F 0-2: Ball 1-2: Foul Ball, location: 2F 1-2: Strikes out swinging
|
Batting: LHB James Sousa
|
0-0: SINGLE (Groundball, 4MD, EV 95.0 MPH) Mike Schermerhorn to second
|
Batting: RHB Brian Burd
|
0-0: Ball 1-0: Ground out U3 (Groundball, 13, EV 84.4 MPH)
|
Bottom of the 6th over - 0 runs, 2 hits, 0 errors, 2 left on base; Greensboro 0 - Fort Wayne 9 |
TOP OF THE 7TH |
Greensboro Grasshoppers batting - Pitching for Fort Wayne TinCaps : RHP Zach Monlux
|
Pitching: RHP Marcus Hill
|
|
Pinch Hitting: RHB Natanael Fusquita
|
0-0: Called Strike 0-1: Ball 1-1: Fly out, F8 (Flyball, 89S, EV 90.6 MPH)
|
Batting: RHB Bob Raine
|
0-0: Ball 1-0: Called Strike 1-1: Ball 2-1: Swinging Strike 2-2: Foul Ball, location: 2F 2-2: Strikes out swinging
|
Batting: RHB Masumitsu Sugiura
|
0-0: Ground out 5-3 (Groundball, 56S, EV 79.4 MPH)
|
Top of the 7th over - 0 runs, 0 hits, 0 errors, 0 left on base; Greensboro 0 - Fort Wayne 9 |
BOTTOM OF THE 7TH |
Fort Wayne TinCaps batting - Pitching for Greensboro Grasshoppers : LHP Matt Payne
|
Now at 1B: Natanael Fusquita
|
|
Pinch Hitting: RHB Melvin Villagomez
|
0-0: Foul Ball, location: 2F 0-1: Ball 1-1: Ball 2-1: Foul Ball, location: 2F 2-2: Ball 3-2: SINGLE (Groundball, 6, EV 100.0 MPH)
|
Batting: RHB Rodolfo Rivera
|
0-0: Called Strike 0-1: Ball 1-1: Foul Ball, location: 2F 1-2: Ball 2-2: Foul Ball, location: 2F 2-2: Foul Ball, location: 2F 2-2: SINGLE (Groundball, 56D, EV 107.5 MPH) Melvin Villagomez to second
|
Batting: LHB Angel Mejia
|
0-0: Called Strike 0-1: Ball 1-1: Ball 2-1: Ball 3-1: Foul Ball, location: 2F 3-2: Fielders Choice at 2nd, 3-6 (Groundball, 34, EV 88.1 MPH) Melvin Villagomez to third
|
Pinch Hitting: SHB Ryan Brown
|
0-0: Swinging Strike 0-1: Swinging Strike 0-2: Foul Ball, location: 2F 0-2: Strikes out swinging
|
Batting: LHB Mike Schermerhorn
|
0-0: Called Strike 0-1: Foul Ball, location: 2F 0-2: Ball Wild Pitch! Melvin Villagomez scores Angel Mejia to second 1-2: Strikes out swinging
|
Bottom of the 7th over - 1 run, 2 hits, 0 errors, 1 left on base; Greensboro 0 - Fort Wayne 10 |
TOP OF THE 8TH |
Greensboro Grasshoppers batting - Pitching for Fort Wayne TinCaps : RHP Marcus Hill
|
Now at 2B: Melvin Villagomez
|
|
Now in CF: Yutaro Takahashi
|
|
Now in RF: Ryan Brown
|
|
Batting: RHB Chris Riddick
|
0-0: Foul Ball, location: 2F 0-1: Foul Ball, location: 2F 0-2: Ball 1-2: Fly out, F8 (Flyball, 8RD, EV 98.1 MPH)
|
Batting: LHB Juan Zuniga
|
0-0: Ground out 6-3 (Groundball, 6, EV 81.2 MPH)
|
Batting: RHB Tom Thompson
|
0-0: Called Strike 0-1: Foul Ball, location: 2F 0-2: Ball 1-2: Ball 2-2: Ball 3-2: Foul Ball, location: 2F 3-2: Foul Ball, location: 2F 3-2: Foul Ball, location: 2F 3-2: Strikes out swinging
|
Top of the 8th over - 0 runs, 0 hits, 0 errors, 0 left on base; Greensboro 0 - Fort Wayne 10 |
BOTTOM OF THE 8TH |
Fort Wayne TinCaps batting - Pitching for Greensboro Grasshoppers : LHP Matt Payne
|
Pitching: LHP Joe Foster
|
|
Pinch Hitting: RHB Nelson Trujillo
|
0-0: Ball 1-0: Fly out, F8 (Line Drive, 8RD, EV 85.0 MPH)
|
Batting: RHB Davey Verhoog
|
0-0: Foul Ball, location: 2F 0-1: Ball 1-1: Ball 2-1: Foul Ball, location: 2F 2-2: Hit by Pitch
|
Batting: LHB James Sousa
|
0-0: Ball 1-0: Swinging Strike 1-1: Ball 2-1: Ball 3-1: Fielders Choice at 2nd, 6-4 (Groundball, 6S, EV 90.6 MPH)
|
Batting: RHB Brian Burd
|
0-0: Ball 1-0: Fly out, F8 (Flyball, 89D, EV 97.5 MPH)
|
Bottom of the 8th over - 0 runs, 0 hits, 0 errors, 1 left on base; Greensboro 0 - Fort Wayne 10 |
TOP OF THE 9TH |
Greensboro Grasshoppers batting - Pitching for Fort Wayne TinCaps : RHP Marcus Hill
|
Pitching: RHP Andre Wiltz
|
|
Now in CF: Nelson Trujillo
|
|
Batting: RHB Boof Howell
|
0-0: Foul Ball, location: 2F 0-1: Ball 1-1: SINGLE (Groundball, 34D, EV 95.6 MPH)
|
Batting: RHB Isaiah Brockman
|
0-0: Fly out, F9 (Flyball, 89XD, EV 93.1 MPH)
|
Batting: RHB Jake Shelton
|
0-0: Called Strike 0-1: Ball 1-1: Swinging Strike 1-2: Ball 2-2: Foul Ball, location: 2F 2-2: Strikes out swinging
|
Batting: RHB Natanael Fusquita
|
0-0: Called Strike 0-1: Ball 1-1: Called Strike 1-2: Ground out U3 (Groundball, 34, EV 87.5 MPH)
|
Top of the 9th over - 0 runs, 1 hit, 0 errors, 1 left on base; Greensboro 0 - Fort Wayne 10 |
|